 Dungeon Crawl Stone Soup version 0.24.0-13-gcf9b3192b9 (webtiles) character file.

Game seed: 10008534927391937248, levelgen mode: deterministic

24164 operand the Basher (level 13, -5/84 HPs)
             Began as a Gargoyle Gladiator on Nov 9, 2019.
             Was an Elder of Qazlal.
             Shot with an arrow by a centaur warrior (21 damage)
             ... summoned by a boggart
             ... on level 14 of the Dungeon.
             The game lasted 01:01:41 (13447 turns).

operand the Basher (Gargoyle Gladiator)            Turns: 13447, Time: 01:01:42

Health: -5/84      AC: 31    Str: 16    XL:     13   Next: 11%
Magic:  18/18      EV: 12    Int: 10    God:    Qazlal [****..]
Gold:   920        SH:  8    Dex: 21    Spells: 12/12 levels left

rFire    + + +     SeeInvis +   H - +9 flail of Disgust {vamp, Dex+2 SInv Stlth+}
rCold    + . .     Gourm    .   (no shield)
rNeg     + . .     Faith    .   N - +4 chain mail {rF+}
rPois    ∞         Spirit   .   c - +0 helmet
rElec    +         Reflect  +   u - +1 cloak "Volinish" {*Drain rF+++ Str-3 Dex+2}
rCorr    .         Harm     .   E - +1 pair of gloves of Fun {rPois Dex+3 SInv}
MR       +....                  (no boots)
Stlth    ..........             X - +3 amulet of reflection
HPRegen  0.24/turn              d - ring of protection from cold
MPRegen  0.16/turn              m - ring of protection from magic

@: studying Fighting, repel missiles
A: negative energy resistance 1, electricity resistance, unbreathing,
petrification resistance, rot immunity, AC +9
a: Upheaval, Elemental Force, Renounce Religion


You were on level 14 of the Dungeon.
You worshipped Qazlal.
Qazlal was greatly pleased with you.
You were not hungry.

You visited 2 branches of the dungeon, and saw 15 of its levels.
You also visited: Sewer, Bailey and Ice Cave.

You collected 1372 gold pieces.
You spent 452 gold pieces at shops.

Inventory:

Hand Weapons
 H - the +9 flail of Disgust (weapon) {vamp, Dex+2 SInv Stlth+}
   (You found it on level 8 of the Dungeon)

   It inflicts no extra harm, but heals its wielder when it wounds a living foe.
   It affects your dexterity (+2).
   It lets you see invisible.
   It makes you more stealthy.
 M - the +3 battleaxe of Ewkizuh {antimagic, +Inv}
   (You found it on level 11 of the Dungeon)

   It reduces the magical energy of the wielder, and disrupts the spells and
   magical abilities of those hit.
   Natural abilities and divine invocations are not affected.
   It lets you turn invisible.
 V - the +3 bardiche "Dragonbane" {venom, Stlth+}
   (You found it in a bailey)

   It poisons the flesh of those it strikes.
   It makes you more stealthy.
Armour
 c - a +0 helmet (worn)
 u - the +1 cloak "Volinish" (worn) {*Drain rF+++ Str-3 Dex+2}
   (You bought it in a shop on level 9 of the Dungeon)

   It affects your strength (-3).
   It affects your dexterity (+2).
   It renders you almost immune to fire.
   It causes draining when unequipped.
 E - the +1 pair of gloves of Fun (worn) {rPois Dex+3 SInv}
   (You found it on level 8 of the Dungeon)

   It affects your dexterity (+3).
   It protects you from poison.
   It lets you see invisible.
 N - a +4 chain mail of fire resistance (worn)
 S - +0 ice dragon scales
Jewellery
 d - a ring of protection from cold (left hand)
 i - a +3 ring of protection
 m - a ring of protection from magic (right hand)
 p - an uncursed amulet of the acrobat
 F - an uncursed ring of protection from cold
 K - an uncursed ring of protection from magic
 T - an uncursed ring of protection from cold
 W - the ring "Zuudwass" {rF+ rC- MR+ Str+2}
   (You found it in an ice cave)

   [ring of protection from fire]

   It affects your strength (+2).
   It protects you from fire.
   It makes you vulnerable to cold.
   It affects your resistance to hostile enchantments.
 X - a +3 amulet of reflection (around neck)
 Y - an uncursed ring of see invisible
 Z - an uncursed ring of see invisible
Wands
 x - a wand of digging (3)
 I - a wand of flame (14)
 O - a wand of paralysis (11)
 Q - a wand of iceblast (4)
Scrolls
 a - 5 scrolls of fear {unknown}
 b - 2 scrolls of blinking {unknown}
 g - 2 scrolls of enchant armour {unknown}
 h - 12 scrolls of teleportation
 j - a scroll of random uselessness {unknown}
 k - 4 scrolls of immolation
 q - 5 scrolls of enchant weapon {unknown}
 r - a scroll of noise {unknown}
 s - 2 scrolls of magic mapping {unknown}
 t - 4 scrolls of amnesia
 v - 4 scrolls of identify
 w - 3 scrolls of fog {unknown}
 J - a scroll of remove curse
Potions
 e - 2 potions of mutation {unknown}
 l - a potion of magic {unknown}
 n - 3 potions of lignification
 o - a potion of ambrosia {unknown}
 z - a potion of might {unknown}
 A - 4 potions of haste {unknown}
 B - 2 potions of flight {unknown}
 C - a potion of heal wounds {unknown}
 D - a potion of agility {unknown}
 G - a potion of berserk rage {unknown}
 P - 2 potions of curing
 R - a potion of resistance {unknown}
Books
 U - a manual of Fighting
Comestibles
 f - 28 rations
 L - a chunk of flesh


   Skills:
 + Level 11.1 Fighting
 + Level 14.0 Maces & Flails
 - Level 1.7 Throwing
 + Level 9.0 Armour
 * Level 7.8 Dodging
 * Level 7.8 Invocations


You had 12 spell levels left.
You didn't know any spells.
Your spell library contained the following spells:

 Spells                   Type           Power        Failure   Level  Hunger
 Apportation              Tloc           #.....       99%         1    ##.....
 Beastly Appendage        Tmut           #.....       99%         1    ##.....
 Confusing Touch          Hex            #.....       99%         1    ##.....
 Corona                   Hex            #......      99%         1    ##.....
 Summon Butterflies       Summ           #.......     99%         1    ##.....
 Ensorcelled Hibernation  Hex/Ice        #.....       100%        2    ###....
 Sticks to Snakes         Tmut           #.......     100%        2    ###....
 Confuse                  Hex            #.......     100%        3    ####...
 Dazzling Spray           Conj/Hex       #.....       100%        3    ####...
 Gell's Gravitas          Tloc           #.........   100%        3    ####...
 Lesser Beckoning         Tloc           #.........   100%        3    ####...
 Spider Form              Tmut/Pois      #.........   100%        3    ####...
 Tukima's Dance           Hex            #.......     100%        3    ####...
 Ice Form                 Ice/Tmut       #.......     100%        4    #####..
 Petrify                  Tmut/Erth      #.......     100%        4    #####..
 Alistair's Intoxication  Tmut/Pois      #.......     100%        5    ######.
 Blade Hands              Tmut           #.........   100%        5    ######.
 Metabolic Englaciation   Hex/Ice        #.........   100%        5    ######.
 Yara's Violent Unravell  Hex/Tmut       #.........   100%        5    ######.
 Invisibility             Hex            #.......     100%        6    #######
 Haunt                    Necr/Summ      #.........   100%        7    #######
 Borgnjor's Revivificati  Necr           #.........   100%        8    #######
 Death's Door             Chrm/Necr      #.........   100%        8    #######
 Infestation              Necr           #.........   100%        8    #######
 Necromutation            Tmut/Necr      #.........   100%        8    #######


Dungeon Overview and Level Annotations

Branches:
Dungeon (14/15)            Temple (1/1) D:4            Lair (0/6) D:10
    Orc (0/2) D:9           Sewer (visited)          Bailey (visited)
  IceCv (visited)
 Vaults: D:13-14

Altars:
Ashenzari
Cheibriados
Dithmenos
Elyvilon
Fedhas
Gozag
Hepliaklqana
Kikubaaqudgha
Makhleb
Nemelex Xobeh
Okawaru
Qazlal
Ru
Sif Muna
Trog
Uskayaw
Vehumet
Wu Jian
Xom
Yredelemnul
Zin
The Shining One

Shops:
D:4 ([%[   D:5 ?   D:8 :   D:9 [   D:11 =   D:14 ?

Portals:
Trove: D:10 (give +6 ice dragon scales)


Innate Abilities, Weirdness & Mutations

You are resistant to torment.
Your stone body is resilient. (AC +9)
You are immune to poison.
You resist negative energy. (rN+)
You are resistant to electric shocks. (rElec)
You can survive without breathing.
You are immune to petrification.
You are immune to rotting.


Message History

Your surroundings suddenly seem different.
A soldier ant comes into view.
The soldier ant twitches its antennae in your direction.
A boggart comes into view.
The boggart shouts!
A boggart comes into view.
The boggart shouts!
A boggart comes into view.
The boggart gestures wildly while chanting.
The boggart flickers and vanishes for a moment.
A boggart comes into view.
The boggart gestures wildly while chanting.
The boggart casts a spell.
Found four items.
Found Zeppod's Magic Scroll Emporium.
The boggart gestures wildly while chanting.
You see here a scroll labeled ALIPODOEBA.
The boggart gestures wildly while chanting.
The centaur warrior wields a +0 longbow.
The centaur warrior shoots an arrow.
The arrow hits you!!
You die...

#........#
##gZo.g...#
#.Og..c...#
#.......a.#
#..o.go...#
#....○...#
#.(..§○..#
#.}...∩?.#
#.##../@##
.....☼.....#
#.##########
#


You could see a centaur warrior, a two-headed ogre, a soldier ant, an orc
warrior, 4 boggarts, an orc wizard, an orc and a centaur warrior zombie.

Vanquished Creatures
  Erolcha (D:8)
  2 ice dragons (IceCv)
  2 centaur warriors
  A two-headed ogre (D:10)
  A death knight (D:14)
  A tengu warrior (D:13)
  2 unseen horrors
  An orc knight (Bailey)
  An ugly thing (D:9)
  2 ice statues (IceCv)
  A kobold demonologist (D:13)
  2 komodo dragons
  4 rime drakes
  A queen bee (D:8)
  Grinder (D:3)
  2 hippogriffs
  A harpy skeleton (D:13)
  6 slime creatures (D:13)
  A centaur simulacrum (D:13)
  4 wyverns
  A shadow (D:13)
  Eustachio (D:4)
  7 vampire mosquitoes
  An acid dragon (D:11)
  4 porcupines (D:10)
  4 sky beasts
  10 orc warriors
  An eye of draining (D:11)
  15 ice beasts
  2 black bears
  3 ogres
  4 phantoms
  3 centaurs
  A crocodile (D:10)
  3 big kobolds
  12 bullfrogs
  A wyvern zombie (D:13)
  A gnoll sergeant (D:11)
  A water moccasin skeleton (D:7)
  3 scorpions
  41 killer bees
  10 wights
  A howler monkey (D:9)
  6 crimson imps
  2 bullfrog zombies
  2 centaur zombies
  A quasit (D:10)
  9 hounds
  3 centaur skeletons
  12 orc priests
  2 bullfrog skeletons
  2 jellies
  6 orc wizards
  5 iguanas
  8 worker ants
  A hound skeleton (D:6)
  2 worker ant zombies (D:7)
  9 gnolls
  2 river rats
  15 adders
  3 oozes (Sewer)
  An adder zombie (D:5)
  An adder skeleton (D:4)
  6 worms
  3 dart slugs
  5 leopard geckos
  61 orcs
  6 ball pythons
  5 giant cockroaches
  8 goblins
  16 hobgoblins
  11 jackals
  5 quokkas
  5 bats
  A frilled lizard (D:1)
  23 kobolds
  A quokka zombie (D:5)
  13 rats
428 creatures vanquished.

Vanquished Creatures (others)
  34 fungi (D:10)
  9 plants (D:10)
43 creatures vanquished.

Grand Total: 471 creatures vanquished

Notes
Turn   | Place    | Note
-------+----------+-------------------------------------------
     0 | D:1      | operand the Gargoyle Gladiator began the quest for the Orb.
     0 | D:1      | Reached XP level 1. HP: 12/12 MP: 1/1
   126 | D:1      | Reached XP level 2. HP: 17/17 MP: 2/2
   301 | D:1      | Reached skill level 1 in Armour
   363 | D:1      | Reached XP level 3. HP: 20/22 MP: 3/3
  1213 | D:2      | Reached XP level 4. HP: 15/27 MP: 4/4
  1415 | D:2      | Reached skill level 4 in Maces & Flails
  1610 | D:2      | Found a snail-covered altar of Cheibriados.
  1804 | D:3      | Reached XP level 5. HP: 25/31 MP: 5/5
  2200 | D:3      | Found a shimmering blue altar of Sif Muna.
  2218 | D:3      | Noticed Grinder
  2265 | D:3      | Killed Grinder
  2265 | D:3      | Reached skill level 5 in Maces & Flails
  2265 | D:3      | Reached XP level 6. HP: 14/37 MP: 6/6
  2485 | D:3      | Reached XP level 7. HP: 13/42 MP: 7/7
  3047 | D:4      | Found an iron altar of Okawaru.
  3094 | D:4      | Found Sozer's Weapon Emporium.
  3112 | D:4      | Bought a +1 flail of protection for 112 gold pieces
  3241 | D:4      | Reached skill level 6 in Maces & Flails
  3317 | D:4      | Found Beubua's Armour Emporium.
  3370 | D:4      | Noticed Eustachio
  3390 | D:4      | Killed Eustachio
  3578 | D:4      | Found a staircase to the Ecumenical Temple.
  3605 | Temple   | Entered the Ecumenical Temple
  3827 | Temple   | Became a worshipper of the Shining One
  3880 | D:4      | Found a sparkling altar of Nemelex Xobeh.
  3896 | D:4      | Found Sisho's Armour Emporium.
  3932 | D:4      | Found Fopse's Food Boutique.
  4061 | D:5      | Entered Level 5 of the Dungeon
  4061 | D:5      | Found Hiyteyro's Magic Scroll Emporium.
  4082 | D:5      | Reached XP level 8. HP: 48/48 MP: 8/8
  4109 | D:5      | Reached skill level 7 in Maces & Flails
  4405 | D:5      | Found a bloodstained altar of Trog.
  4499 | D:5      | Found a glowing silver altar of Zin.
  4648 | D:5      | Reached skill level 5 in Fighting
  4733 | D:5      | Found a burning altar of Makhleb.
  4733 | D:5      | Noticed a blizzard demon
  4736 | D:5      | Noticed a smoke demon
  4736 | D:5      | Noticed a hellwing
  4736 | D:5      | Reached * piety under the Shining One
  4885 | D:6      | Reached skill level 8 in Maces & Flails
  4977 | D:6      | Found a glowing drain.
  4982 | Sewer    | Entered a sewer
  5350 | D:6      | Reached XP level 9. HP: 53/54 MP: 9/9
  5605 | D:6      | Reached ** piety under the Shining One
  5641 | D:6      | Reached skill level 9 in Maces & Flails
  5794 | D:7      | Found an ornate altar of the Wu Jian Council.
  6316 | D:7      | Found a glowing silver altar of Zin.
  6318 | D:7      | Found a shattered altar of Ashenzari.
  6318 | D:7      | Found an opulent altar of Gozag.
  6450 | D:7      | Reached skill level 10 in Maces & Flails
  6450 | D:7      | Reached skill level 5 in Armour
  6809 | D:8      | Found Cacsal's Book Shoppe.
  7004 | D:8      | Found a hide-covered altar of Uskayaw.
  7011 | D:8      | Reached XP level 10. HP: 61/61 MP: 10/10
  7019 | D:8      | Got a crystal flail
  7019 | D:8      | Identified the +9 flail of Disgust {vamp, Dex+2 SInv
                  | Stlth+} (You found it on level 8 of the Dungeon)
  7052 | D:8      | Reached skill level 5 in Dodging
  7056 | D:8      | Reached skill level 1 in Invocations
  7122 | D:8      | HP: 4/91 [killer bee (2)]
  7167 | D:8      | HP: 3/61 [killer bee (4)]
  7663 | Temple   | Fell from the grace of the Shining One
  7663 | Temple   | Became a worshipper of Qazlal Stormbringer
  7823 | D:8      | Found a shadowy altar of Dithmenos.
  7843 | D:8      | Got a pair of pitted gloves
  7848 | D:8      | Identified the +1 pair of gloves of Fun {rPois Dex+3 SInv}
                  | (You found it on level 8 of the Dungeon)
  8486 | D:9      | Reached skill level 11 in Maces & Flails
  8497 | D:9      | Noticed Erolcha
  8509 | D:9      | Reached * piety under Qazlal
  8525 | D:8      | Killed Erolcha
  8879 | D:9      | Found Jievelo's Antique Armour Shoppe.
  8908 | D:9      | Bought a pitted cloak for 190 gold pieces
  8913 | D:9      | Identified the +1 cloak "Volinish" {*Drain rF+++ Str-3
                  | Dex+2} (You bought it in a shop on level 9 of the Dungeon)
  9107 | D:9      | Identified the +3 leather armour of Too Many Cooks {Dex+6}
  9113 | D:9      | Found a staircase to the Orcish Mines.
  9268 | D:9      | Found a shimmering altar of Xom.
  9337 | D:9      | Noticed a white ugly thing
  9352 | D:9      | Killed a white ugly thing
  9423 | D:9      | Bought a glowing chain mail for 150 gold pieces
  9670 | D:10     | Entered Level 10 of the Dungeon
  9798 | D:10     | Reached XP level 11. HP: 66/68 MP: 13/13
  9898 | D:10     | Found a portal to a secret trove of treasure.
  9898 | D:10     | Identified the cursed +3 short sword "Ahunadi" {drain,
                  | *Contam rPois MR+}
  9900 | D:10     | Noticed an unseen horror
  9910 | D:10     | Killed an unseen horror
  9936 | D:10     | Reached skill level 12 in Maces & Flails
  9949 | D:10     | Reached ** piety under Qazlal
 10038 | D:10     | Found a staircase to the Lair.
 10117 | D:10     | Noticed a two-headed ogre
 10126 | D:10     | Killed a two-headed ogre
 10126 | D:10     | Reached skill level 5 in Invocations
 10474 | D:11     | Got a steaming battleaxe
 10602 | D:11     | Noticed an unseen horror
 10620 | D:11     | Killed an unseen horror
 10624 | D:11     | Reached *** piety under Qazlal
 10767 | D:11     | Found Wuwiad's Jewellery Boutique.
 11025 | D:12     | Found a flagged portal.
 11306 | D:12     | Noticed a centaur warrior
 11351 | D:11     | Killed a centaur warrior
 11351 | D:11     | Reached XP level 12. HP: 64/75 MP: 16/16
 11555 | Bailey   | Entered a bailey
 11942 | Bailey   | Got an ivory bardiche
 12002 | D:12     | Identified the +3 battleaxe of Ewkizuh {antimagic, +Inv}
                  | (You found it on level 11 of the Dungeon)
 12003 | D:12     | Identified the cursed +3 bardiche "Dragonbane" {venom,
                  | Stlth+} (You found it in a bailey)
 12205 | D:13     | Reached skill level 13 in Maces & Flails
 12243 | D:13     | Noticed a centaur warrior
 12262 | D:13     | Killed a centaur warrior
 12310 | D:13     | Noticed a tengu warrior
 12333 | D:13     | Killed a tengu warrior
 12349 | D:13     | Reached skill level 10 in Fighting
 12422 | D:13     | Found a frozen archway.
 12456 | IceCv    | Entered an ice cave
 12495 | IceCv    | Reached **** piety under Qazlal
 12666 | IceCv    | Noticed an ice dragon
 12693 | IceCv    | Killed an ice dragon
 12713 | IceCv    | Noticed an ice dragon
 12734 | IceCv    | Killed an ice dragon
 12734 | IceCv    | Reached XP level 13. HP: 39/84 MP: 18/18
 12757 | IceCv    | Got a smoking iron ring
 12908 | IceCv    | Identified the ring "Zuudwass" {rF+ rC- MR+ Str+2} (You
                  | found it in an ice cave)
 13239 | D:13     | Found a basalt altar of Yredelemnul.
 13411 | D:14     | Reached skill level 14 in Maces & Flails
 13445 | D:14     | Found Zeppod's Magic Scroll Emporium.
 13447 | D:14     | Shot with an arrow by a centaur warrior

Levels and vault maps discovered:
D:1:      onia_arrival_mini_spirals, layout_basic, minmay_pentomino_v2
D:2:      wander_river, layout_basic, nicolae_overflow_hidden_temple
D:3:      layout_loops_ring, led_sif_pool, uniq_grinder
D:4:      layout_loops_cross, okawaru_ov_weapons_minmay,
          minmay_temple_entry_waves, serial_shops, shop, nicolae_shop_stone,
          shop, nicolae_shop_trees, nemelex_diamond_rough_becter, uniq_eustachio
D:5:      layout_cave_pools, kennysheep_mini_moat, makhleb_altar_promises_db,
          basic_altar, serial_shops, shop, first_ration, skrybe_limestone_x
D:6:      layout_rooms, gup_sewer_entry_bowl
D:7:      layout_loops_ring, lemuel_crystal_altar,
          chequers_temple_overflow_statue_of_worship
D:8:      layout_loops_ring, eat_drink_and_be_merry_uskayaw,
          nicolae_overflow_crystal_walls, serial_shops, shop_coins,
          david_nohive_1
D:9:      layout_loops_ring, kennysheep_little_box, hiddenorc1_lemuel,
          serial_shops, shop_statue, uniq_erolcha
D:10:     layout_rooms, due_lair_maze_entry_diamond, enter_trove_2
D:11:     layout_irregular_city, gauntlet_entry_generic, serial_shops,
          nicolae_shop_statue_plus, uniq_sonja
D:12:     layout_cross, enter_bailey_2
D:13:     layout_rooms, portal_ice_cave_rime, yredelemnul_altar_generic
D:14:     nooodl_glass_maze, layout_basic, ximxim_vaults_locker_room,
          corexii_corridor_pit, basic_altar, serial_shops, shop, shop_scrolls,
          kennysheep_mini, shop, nicolae_shop_behind_doors
Temple:   jpeg_temple_alley_garden

Skill      XL: |  1  2  3  4  5  6  7  8  9 10 11 12 13 |
---------------+----------------------------------------+-----
Armour         | 1 2 3 4 5 6 8 9 |  9.0
Dodging        | 3 4 5 6 7 |  7.8
Maces & Flails | 4 5 6 8 10 11 12 13 14 | 14.0
Fighting       | 3 4 5 6 7 8 10 11 | 11.1
Invocations    | 3 6 7 |  7.8
Throwing       | |  1.7

Action                   |  1- 3 |  4- 6 |  7- 9 | 10-12 | 13-15 || total
-------------------------+-------+-------+-------+-------+-------++-------
Melee: Flail             |   162 |   144 |   527 |   907 |    37 ||  1777
Invok: Divine Shield     |       |       |     1 |     1 |       ||     2
       Upheaval          |       |       |       |     5 |       ||     5
       Elemental Force   |       |       |       |     1 |       ||     1
  Use: Potion            |       |     1 |     2 |     5 |     1 ||     9
       Scroll            |       |       |    10 |     2 |     1 ||    13
  Eat: Chunk             |     1 |     4 |    16 |    16 |     2 ||    39
       Ration            |       |       |       |     1 |       ||     1
Armor: Leather armour    |    78 |    55 |    85 |       |       ||   218
       Chain mail        |       |       |   272 |   638 |     8 ||   918
       Skin              |       |       |       |    17 |       ||    17
Dodge: Dodged            |   115 |    88 |   311 |   617 |    11 ||  1142
       Deflected         |       |       |       |     1 |     1 ||     2
Block: Other             |       |       |     5 |   142 |     7 ||   154
